Cogmind - Beta 14 @@@ ROGUE MODE // 2024.10.18 @ 09:14:32 Player: canerib Result: Destroyed by as-00805 with Assembled Heavy Rifle Performance ------------- Evolutions (1) 500 Regions Visited (3) 600 Robots Destroyed (26) 130 Value Destroyed (525) 525 Prototype IDs (4) 80 Alien Tech Used (0) 0 Bonus (0) 0 TOTAL SCORE: 1835 Bonus ------- None Cogmind --------- Core Integrity 0/400 Matter 151/300 Energy 325/325 System Corruption 0% Temperature Cool (0) Movement Flying (114) Ox1 Location -9/Mines Parts ------- > --- POWER (1) -------- Light Ion Engine > --- PROPULSION (4) --- Flight Unit Flight Unit Flight Unit > --- UTILITY (2) ------ Small Storage Unit Large Battery > --- WEAPON (2) ------- Grenade Launcher Mini Grenade Launcher > --- INVENTORY (8) ---- Light Ion Engine Aluminum Leg Medium Storage Unit Sensor Array Power Shielding Particle Gun Advanced Beam Cannon Mining Laser Peak State ------------ > --- POWER ------------ Light Ion Engine > --- PROPULSION ------- Improved Hover Unit Improved Hover Unit Improved Hover Unit Improved Hover Unit > --- UTILITY ---------- Medium Storage Unit Large Battery > --- WEAPON ----------- Small Laser Light Assault Rifle > --- INVENTORY -------- Light Ion Engine Small Storage Unit Light Assault Rifle [Rating: 13] Favorites ----------- Power Ion Engine Engine Ion Engine Propulsion Aluminum Leg Leg Aluminum Leg Wheel Wheel Hover Unit Improved Hover Unit Flight Unit Flight Unit Utility Large Battery Storage Large Battery Weapon Small Laser Energy Gun Small Laser Energy Cannon Advanced Beam Cannon Ballistic Gun Assault Rifle Launcher Mini Grenade Launcher Special Weapon Mining Laser Build | -11 -10 -9 -9 ------- Run | Yrd Mat Mat Min Slots Evolved 2 | . . 2 . Power . | . . . . Propulsion 2 | . . 2 . Utility . | . . . . Weapon . | . . . . Parts Attached 41 | 5 5 31 . Power 5 | 1 . 4 . Engine 5 | 1 . 4 . Core . | . . . . Reactor . | . . . . Propulsion 16 | 2 . 14 . Treads . | . . . . Leg 6 | 2 . 4 . Wheel 1 | . . 1 . Hover 4 | . . 4 . Flight 5 | . . 5 . Utility 4 | . 3 1 . Device . | . . . . Storage 4 | . 3 1 . Processor . | . . . . Hackware . | . . . . Protection . | . . . . Artifact . | . . . . Weapon 16 | 2 2 12 . Energy Gun 6 | 1 1 4 . Energy Cannon 1 | . . 1 . Ballistic Gun 5 | 1 1 3 . Ballistic Cannon . | . . . . Launcher 2 | . . 2 . Special Weapon 2 | . . 2 . Impact Weapon . | . . . . Slashing Weapon . | . . . . Piercing Weapon . | . . . . Special Melee Weapon . | . . . . Unidentified Prototypes 2 | . . 2 . Parts Lost 10 | . 1 8 1 Power 2 | . 1 1 . Propulsion 5 | . . 4 1 Utility . | . . . . Weapon 3 | . . 3 . Highest Loss Streak 7 | . 1 7 1 To Critical Strikes . | . . . . Average Slot Usage (%) 87 | . 95 75 100 Engine 10 | . 12 7 11 Leg 19 | . 28 15 . Hover 2 | . . 5 . Flight 6 | . . 5 44 Storage 23 | . 25 22 22 Energy Gun 8 | . 14 4 . Ballistic Gun 9 | . 14 6 . Launcher 4 | . . 6 22 Peak Build Rating 13 | 5 8 13 11 Average Rating 7 | 3 7 8 10 On Entrance 5 | . 5 7 11 Naked Turns . | . . . . Heaviest Build 22 | 8 20 22 15 Greatest Support 40 | 20 20 40 16 Greatest Overweight (x) 4 | . . 4 1 Average Overweight (x) . | . . . . Largest Inventory Capacity 10 | 5 10 10 8 Average Capacity 8 | 5 8 9 8 Most Carried 10 | 5 8 10 8 Average Carried 5 | 3 5 5 7 Final Capacity 10 | 5 10 8 8 Final Carried 8 | 3 8 8 8 Class Distribution -------------------- 77% | Mutant 11% | Scavenger-Mutant 10% | Sprinter Dominant Class ---------------- Mutant | -10/Materials Mutant | -9/Materials Sprinter | -9/Mines Resources | -11 -10 -9 -9 ----------- Run | Yrd Mat Mat Min Matter Collected 664 | 259 117 254 34 Remotely . | . . . . Salvage Created 683 | 46 230 371 36 Parts 56 | 7 20 29 . Haulers Intercepted 1 | . . 1 . Recyclers Shooed 2 | . 1 1 . Parts Field Recycled . | . . . . Retrieved Matter . | . . . . Parts Self-Destructed . | . . . . Prevented . | . . . . Kills | -11 -10 -9 -9 ------- Run | Yrd Mat Mat Min Combat Hostiles Destroyed 25 | . 9 9 7 Guns 14 | . 9 5 . AOE 11 | . . 4 7 Classes Destroyed 9 | 1 3 4 1 Builder 1 | . . 1 . Tunneler 3 | 3 . . . Hauler 1 | . . 1 . Recycler 1 | . . 1 . Watcher 2 | . 1 1 . Swarmer 8 | . 6 2 . Grunt 9 | . 3 6 . Duelist 1 | . . 1 . Assembled 7 | . . . 7 Best Kill Streak 8 | 3 4 8 7 Combat Bots Only 7 | . 4 4 7 Max Kills in Single Turn 4 | 1 1 4 4 Gunslinging . | . . . . Exploded 4 | . . 2 4 Melee . | . . . . Uniques/NPCs Destroyed . | . . . . Combat | -11 -10 -9 -9 -------- Run | Yrd Mat Mat Min Hostile Shots Fired 149 | . 53 77 19 Missed 38 | . 7 21 10 Damage Taken 1640 | . 491 1017 132 Core 514 | . 104 375 35 Absorbed by Shields . | . . . . Core Remaining (%) 79 | 100 58 . . Volleys Fired 80 | 9 30 39 2 Largest 2 | 2 2 2 2 Hottest 140 | 60 60 140 60 Shots Fired 129 | 12 60 53 4 Gun 115 | 12 60 43 . Cannon . | . . . . Launcher 10 | . . 6 4 Special 4 | . . 4 . Kinetic 60 | 3 30 27 . Thermal 56 | 9 30 17 . Explosive 10 | . . 6 4 Electromagnetic 3 | . . 3 . Robot Hit Streak 11 | 5 8 11 5 Robot Miss Streak 3 | 1 3 3 . Penetration Max . | . . . . Secondary Targets 1 | . 1 . . Max Gunslinging Chain 1 | . 1 . . Shots Hit Robots 75 | 8 34 32 1 Core Hits 64 | 3 15 25 21 Critical Kills . | . . . . Critical Parts Destroyed . | . . . . Critical Strikes . | . . . . Melee Attacks . | . . . . Impact . | . . . . Slashing . | . . . . Piercing . | . . . . Sneak Attacks . | . . . . Combat Hostiles . | . . . . Follow-up Attacks . | . . . . Damage Inflicted 2037 | 84 421 876 656 Guns 841 | 84 421 336 . Cannons . | . . . . Explosions 1123 | . . 467 656 Melee . | . . . . Ramming 1 | . . 1 . Kinetic 432 | 10 208 214 . Thermal 461 | 74 213 174 . Explosive 1123 | . . 467 656 Electromagnetic 20 | . . 20 . Impact . | . . . . Slashing . | . . . . Piercing . | . . . . Highest Corruption . | . . . . Average Corruption . | . . . . Corruption Purged . | . . . . Corruption Blocked . | . . . . Overload Shots . | . . . . Overflow Damage 5 | . . . 5 Projectiles . | . . . . Explosions 5 | . . . 5 Melee . | . . . . Knockbacks . | . . . . Impact . | . . . . Kinetic . | . . . . Secondary . | . . . . Self-Inflicted Damage . | . . . . Shots . | . . . . Rammed 1 | . . 1 . Targets Rammed 1 | . . 1 . Kicked . | . . . . Crushed . | . . . . Highest Temperature 171 | . 171 108 6 Average Temperature 50 | . 65 38 3 Received Heat Transfer 456 | . 183 273 . Siege Activations . | . . . . Robots Corrupted . | . . . . Combat Hostiles . | . . . . Parts Fried . | . . . . Impact Corruptions . | . . . . Robots Melted . | . . . . Combat Hostiles . | . . . . Parts Melted . | . . . . Heat Transferred 1049 | 175 475 399 . Parts Sabotaged . | . . . . Parts Stolen . | . . . . Parts Stripped . | . . . . Power Chain Reactions . | . . . . Alert | -11 -10 -9 -9 ------- Run | Yrd Mat Mat Min Peak Influence 291 | 15 291 145 42 Initial 38 | . 9 38 5 Average 72 | 4 103 66 8 Maximum Alert Level 1 | . 1 . . Low Security (%) 92 | 100 82 100 100 Level 1 7 | . 17 . . Level 2 . | . . . . Level 3 . | . . . . Level 4 . | . . . . Level 5 . | . . . . High Security . | . . . . Max Security . | . . . . Squads Dispatched 1 | . . 1 . Investigation . | . . . . Extermination . | . . . . Reinforcement 1 | . . 1 . Assault . | . . . . Garrison . | . . . . Intercept . | . . . . Searches Triggered . | . . . . Construction Impeded . | . . . . Haulers Reinforced . | . . . . Active Scanning Responses . | . . . . Cargo Convoy Interrupts . | . . . . Stealth | -11 -10 -9 -9 --------- Run | Yrd Mat Mat Min Distress Signals 4 | . 2 2 . Communications Jammed . | . . . . Distress Signals . | . . . . Times Spotted 45 | . 14 15 16 Peak Tracking Total 16 | . 4 5 16 Tactical Retreats 2 | . 2 . . Traps | -11 -10 -9 -9 ------- Run | Yrd Mat Mat Min Traps Triggered . | . . . . Indirectly . | . . . . Trap Hack Attempts . | . . . . Triggered . | . . . . Disarmed . | . . . . Reprogrammed . | . . . . Reused . | . . . . Traps Extracted . | . . . . Installed . | . . . . Triggered . | . . . . Machines | -11 -10 -9 -9 ---------- Run | Yrd Mat Mat Min Machines Disabled . | . . . . Max in Single Turn . | . . . . Machines Repaired . | . . . . Machines Dismantled . | . . . . Machines Sabotaged . | . . . . Overloaded Fab Kills . | . . . . Hacking | -11 -10 -9 -9 --------- Run | Yrd Mat Mat Min Machines Accessed 3 | . 2 1 . Terminals 3 | . 2 1 . Fabricators . | . . . . Repair Stations . | . . . . Recycling Units . | . . . . Scanalyzers . | . . . . Garrison Access . | . . . . Total Hacks 9 | . 6 3 . Successful 4 | . 2 2 . Failed 5 | . 4 1 . Catastrophic . | . . . . Database Lockouts . | . . . . Manual 3 | . . 3 . Terminals 9 | . 6 3 . Fabricators . | . . . . Repair Stations . | . . . . Recycling Units . | . . . . Scanalyzers . | . . . . Garrison Access . | . . . . Terminal Hacks 3 | . 2 1 . Prototype ID Bank 1 | . 1 . . Unreport Threat 1 | . . 1 . Surveillance Status 1 | . 1 . . Fabricator Hacks . | . . . . Repair Station Hacks . | . . . . Recycling Unit Hacks . | . . . . Scanalyzer . | . . . . Garrison Access Hacks . | . . . . Unauthorized Hacks 1 | . . 1 . Terminals 1 | . . 1 . Botnet 1 | . . 1 . Fabricators . | . . . . Repair Stations . | . . . . Recycling Units . | . . . . Scanalyzers . | . . . . Garrison Access . | . . . . Data Cores Recovered . | . . . . Used . | . . . . Hacking Detections 2 | . 1 1 . Full Trace Events . | . . . . Feedback Events . | . . . . Feedback Blocked . | . . . . Robot Schematics Acquired . | . . . . Robots Built . | . . . . Authchips . | . . . . Time . | . . . . Total Robot Build Rating . | . . . . Part Schematics Acquired . | . . . . Parts Built . | . . . . Authchips . | . . . . Time . | . . . . Total Part Build Rating . | . . . . Parts Repaired . | . . . . Time . | . . . . Parts Recycled . | . . . . Recycled Matter . | . . . . Retrieved Matter . | . . . . Retrieved Components . | . . . . Parts Scanalyzed . | . . . . Part Schematics Acquired . | . . . . Parts Damaged . | . . . . Bothacking | -11 -10 -9 -9 ------------ Run | Yrd Mat Mat Min Used RIF Installer . | . . . . Robots Hacked . | . . . . Non-combat . | . . . . Combat . | . . . . Robot Hacks Applied . | . . . . Relay Couplers Released . | . . . . Fabnet Peak Effective % . | . . . . Robots Rewired . | . . . . Allies Hacked . | . . . . Hacks Repelled . | . . . . Allies | -11 -10 -9 -9 -------- Run | Yrd Mat Mat Min Total Allies . | . . . . Largest Group . | . . . . Highest-Rated Group . | . . . . Highest-Rated Ally . | . . . . Total Orders . | . . . . Ally Attacks . | . . . . Total Damage . | . . . . Kills . | . . . . Allies Corrupted . | . . . . Allies Melted . | . . . . Intel | -11 -10 -9 -9 ------- Run | Yrd Mat Mat Min Robot Analysis Total . | . . . . Derelict Logs Recovered 2 | . . . 2 Drone Launches . | . . . . Drone Recoveries . | . . . . Exploration | -11 -10 -9 -9 ------------- Run | Yrd Mat Mat Min Turns Passed 1021 | 93 435 409 84 Spaces Moved 734 | 54 262 181 237 Core 28 | 7 . 21 . Treads . | . . . . Legs 408 | 47 262 99 . Wheels 2 | . . 2 . Hover 27 | . . 27 . Flight 269 | . . 32 237 Fastest Speed 31 | 50 120 31 31 Average Speed 91 | 110 120 123 31 Slowest Speed 250 | 120 120 250 114 Overloaded Moves . | . . . . Propulsion Burnouts . | . . . . Robots Hopped 3 | . . 1 2 Cave-ins Triggered . | . . . . Exploration Rate (%) 28 | 5 38 29 42 Regions Visited 3 Branch Regions 1 Pre-discovered Areas 1 | . . . 1 Known Exits Taken . | . . . . Unknown Exits Taken 3 | 1 1 1 . Scrap Searched 1 | . . . 1 Spaces Dug . | . . . . Terrain Destroyed 59 | . . 23 36 Melee . | . . . . Projectile 1 | . . 1 . AOE 58 | . . 22 36 Terrain Rammed . | . . . . Walls Destroyed . | . . . . Machines Disabled . | . . . . Actions | -11 -10 -9 -9 --------- Run | Yrd Mat Mat Min Total 946 | 75 327 304 240 Wait 24 | . 8 15 1 Move 725 | 53 261 178 233 Hop 3 | . . 1 2 Pick Up 51 | 8 15 27 1 Fast Attach . | . . . . Attach 26 | 5 3 18 . Detach . | . . . . Swap 15 | . 2 13 . Drop 21 | . 8 12 1 Fire 80 | 9 30 39 2 Melee . | . . . . Ram 1 | . . 1 . Kick . | . . . . Crush . | . . . . Escape Stasis . | . . . . Rewire . | . . . . Trap . | . . . . Miscellaneous . | . . . . Route ------- -11/Scrapyard -10/Materials -9/Materials -9/Mines History --------- Turn | Location | Event 19 | -11/Scrapyard | Discovered new exit (range 16) 94 | -11/Scrapyard | Entered Materials 305 | -10/Materials | Build established: Mutant 364 | -10/Materials | Discovered new exit (range 6) 529 | -10/Materials | Entered another Materials area 529 | -9/Materials | Evolved 2 slots: Propulsion x2 595 | -9/Materials | Core integrity fell below 50% 614 | -9/Materials | Core integrity fell below 20% 646 | -9/Materials | Lost 7 parts (1p4n2w) 895 | -9/Materials | Discovered new exit (range 14) 938 | -9/Materials | Entered Mines 940 | -9/Mines | Learned location of Zion (-6) 943 | -9/Mines | Found a damaged Exp. Sensor Array with a note attached 982 | -9/Mines | Received a Rocket Launcher from a helpful Derelict 1010 | -9/Mines | Assembled infested the area 1011 | -9/Mines | Found a hidden stash of uninstalled traps 1022 | -9/Mines | Destroyed by as-00805 with Assembled Heavy Rifle Last Messages --------------- GP-B3A(g) slips back into the shadows. K-01 Serf collects debris. Searching scrap... Found Lgt. Treads. Found 34 Matter. Acquired 34 matter. ALERT: Infestation in the mines, dispatching Demolisher response squad. A stash of uninstalled traps is collected here! Dropped Med. Storage Unit. Acquired Med. Storage Unit. as-10183 destroyed. as-29562 destroyed. as-05863 destroyed. as-33999 destroyed. as-75029 destroyed. as-05347 destroyed. Destroyed Asb. Hover Unit. as-87528 destroyed. Flight Unit destroyed. The unstable cave ceiling collapses. Map ----- +----------------------------------------------------+ | ?????????????????????????????????????????????????? | | ?????????????????????????????????????????????????? | | ?????????????????????????????????????????????????? | | ?????????????????????????????????????????????????? | | ?????????????????????????????????????????????????? | | ?????????????????????????????????????????????????? | | ?????????????????????????????????????????????????? | | ?????????????????????????????????????????????????? | | ?????????????????????????????????????????????????? | | ?????????????????????????????????????????????????? | | ?????????????????????????????????????????????????? | | ?????????????????????????????????????????????????? | | ####?????????????????????????????????????????????? | | #?????????????????????????????????????????????? | | ## #?????????????????????????????????????????????? | | ?# #?????????????????????????????????????????????? | | ?# #?????????????????????????????????????????????? | | ?# ####???????????????????????????#?######???????? | | ?# #?????????????????????????? ## ##??????? | | ?#### #?????????????????????????? #??????? | | ????# #????????????????????????? # ????? | | ????# #???????????####?????????# ????? | | ??### ######## #?## ####????## < #???? | | ??# ### #???##& a # % #????? | | ??# ### ######### = #####& & %#?????? | | ??# #?# #?????## ## @ a a& #???????? | | ??# #?# #?????# ###### t ####???????? | | ??# #?# #????## #???## ### #??????????? | | ??# #?# #?#### #????####??? ##??????????? | | #?# #?# ### #????????????##???????????? | | ### #?# ## #????????????????????? | | ## #?# ###### #????????????????????? | | # #?##### ##???????????????????????????? | | ##????## #####????????????????????????????? | | ##????## ##????????????????????????????????? | | ##????####?????????????????????????????????? | | #?????????????????????????????????????????? | | #####?????????????????????????????????????????? | | ##?????????????????????????????????????????????? | | #??????????????????????????????????????????????? | | ##??????????????????????????????????????????????? | | ##???????????????????????????????????????????????? | | ?????????????????????????????????????????????????? | | | | | | | | | | | | | | | +----------------------------------------------------+ Best States ------------- Heat Dissipation 28 Energy Generation 10 Energy Capacity 450 Matter Stores 300 Matter Capacity 300 Sight Range 16 Terrain Scan Density 10 Evasion (%) 63 Item Schematics ----------------- None Robot Schematics ------------------ None Fabricated ------------ Nothing Alien Tech Used ----------------- None Achievements -------------- True Hacker Challenges ------------ None Game ------ Seed AlloyArmoredArray Manual? 0 Play Time 00:18:47 Cumulative 12.8 hours Start 2024.10.17 @ 21:36:31 End 2024.10.18 @ 09:14:32 Sessions 1 Manual Loads 0 Difficulty Rogue Special Mode None Game No. 21 Rogue 21 Adventurer 0 Explorer 0 Win Type - Total 0 Types 0/0/0/0/0/0/0/0/0 Lore% 8 Gallery% 17 Achievement% 16 Wizard Run 0 Options --------- Layout 1 ASCII 1 Keyboard 0 Movement Mouse Keybinds 0 Fullscreen 1 Font 48/Smallcaps Map View 76x35 Zoom Use 0% Tactical HUD 0 Map Filters NONE Filters NONE Steam 1 RUN: df535b71-af57-4ae5-87c9-e13a315d0dd0